[Event "26th Womens ECCC 2022"]
[Site "Mayrhofen"]
[Date "2022.10.09"]
[Round "7.19"]
[White "Mammadova, Gulnar"]
[Black "Gajcin, Marina"]
[Result "1/2-1/2"]
[ECO "B31"]
[WhiteElo "2389"]
[BlackElo "2228"]
[Annotator "TA"]
[PlyCount "168"]
[EventDate "2022.10.03"]
[EventType "team-tourn"]
[EventCountry "AUT"]
[SourceTitle "playchess.com"]
[Source "ChessBase"]
[SourceQuality "1"]
[TimeControl "40/5400+30:1800+30"]

1. e4 c5 2. Nf3 Nc6 3. Bb5 g6 4. Bxc6 dxc6 5. d3 Bg7 6. h3 Nf6 7. Nc3 O-O 8. Be3 b6 9. Qd2 Ne8 (9... e5 $5) 10. Bh6 {[%emt 0:02:24] B31: Sicilian: 2...Nc6 3 Bb5 g6.} f6 11. e5 Be6 12. O-O {[%emt 0:04:35] White is slightly better.} Qd7 13. Rae1 Bxh6 (13... Bxh3 $5 14. gxh3 Qxh3 15. Bxg7 Qxf3 $11) 14. Qxh6 Ng7 {[%emt 0:00:30] [#]} 15. Qd2 $146 ({Predecessor:} 15. Qf4 Rad8 16. a3 g5 17. Qh2 h6 18. exf6 exf6 19. Re2 c4 20. Rd2 Qe7 21. dxc4 Rxd2 22. Nxd2 Rd8 23. Nf3 Bxc4 24. Re1 Qf7 {0-1 (24) Aberbach Peltzman,A (2066)-Balabaev,F (2539) Chessfriend.com 2003}) 15... Rad8 16. Ne4 Bd5 17. Qc3 f5 18. Ned2 (18. Neg5 $11) 18... Ne6 $1 $17 19. Kh2 Qe8 (19... Bxa2 $2 20. b3 $18) 20. Ng1 g5 $1 (20... Bxa2 $2 21. b3 $18) 21. f3 Qh5 (21... Bxa2 $2 22. b3 $18) 22. Nc4 ({Better is} 22. Qa3) 22... g4 23. f4 Kh8 24. Ne3 Rg8 (24... Bxa2 $6 25. Qa3 Bd5 26. Nxd5 cxd5 27. Qxa7 $11) 25. Nxd5 cxd5 (25... Rxd5 26. g3 $15) 26. Qd2 Rg6 $36 {[%emt 0:00:09][%mdl 2048] Black has strong initiative.} 27. Qd1 Qh6 28. g3 gxh3 29. Qf3 (29. Ne2 $142) 29... Nd4 30. Qf2 Rdg8 31. Re3 Ne6 32. Nxh3 (32. Ne2 $17) 32... Qg7 $1 $19 33. Kg2 Rh6 34. Rh1 Qg4 35. Rf3 Nd4 36. Re3 Ne6 37. Rf3 $1 Rgg6 ({Not} 37... Nd4 38. Re3) 38. c3 Rh5 ({Black should try} 38... Rh4 $1 $19 {And now ...Rgh6 would win.} 39. Ng5 Rxh1 40. Kxh1 Nxg5 41. fxg5 Rxg5) 39. Ng1 $1 $15 Rxh1 40. Kxh1 Rh6+ 41. Kg2 Qh5 {[%emt 0:07:44] aiming for ...Qh1+.} (41... d4 {is more complex.} 42. Qd2 Qg8 43. Qd1 Rg6) 42. Kf1 Qe8 43. Re3 d4 (43... Qb5 $15) 44. Re2 $11 dxc3 45. bxc3 Nc7 46. Qf3 Qd8 47. Rg2 Qd5 48. c4 Qd4 49. g4 Rh4 50. Ne2 Rh1+ $1 51. Rg1 Rxg1+ 52. Nxg1 fxg4 53. Qxg4 Qxd3+ {[%emt 0:00:10][%mdl 4096] Endgame KQN-KQN} 54. Ne2 e6 55. Qg5 Qd7 {[%emt 0:00:21] Inhibits Qe7.} (55... Ne8 $2 56. Qe7 Qg6 57. Qxa7 $18) 56. f5 exf5 57. Qf6+ Kg8 {[%emt 0:00:17] Hoping for ...Ne6.} 58. Nf4 {[%emt 0:01:45] Against Ne6} (58. Qg5+ Kf8 59. Qf6+ Qf7 60. Qh8+ Ke7 $17) 58... Qd1+ (58... Ne8 $5 59. Nd5 Qf7 $15) 59. Kf2 Qd4+ 60. Kf3 Qe4+ ({Don't play} 60... Qd1+ $6 61. Ne2 $17) 61. Kg3 {[%emt 0:00:02] White wants to mate with Qd8+.} Qe3+ 62. Kg2 {[%emt 0:00:01] Threatens to win with Qd8+. Dancing on a razor blade.} Qxf4 63. Qd8+ Kf7 64. Qxc7+ {[%emt 0:00:11] KQ-KQ} Kg6 {[%emt 0:00:04] Strongly threatening ...Qd2+.} 65. Qc6+ Kg5 (65... Kg7 $5 66. Qf6+ $8 Kg8 $11) 66. Qf6+ Kg4 (66... Kh5 $5 67. e6 $8 Qe4+ 68. Kf2 Kg4 $11) 67. e6 $1 Qd2+ 68. Kf1 (68. Kg1 $1 $11) 68... Qc1+ (68... Qxa2 $2 69. Qe5 Kf3 70. Qxf5+ Ke3 71. Qe5+ Kd3 72. e7 Qb1+ 73. Kf2 Qc2+ 74. Kg3 Kxc4 75. e8=Q $18) (68... f4 $1 $15 69. Qe5 f3 70. Qe4+ Kg5 71. Qxf3 Qc1+ 72. Kg2 Qc2+ 73. Kh3 Qg6) 69. Kf2 {[%emt 0:00:09] Qe5 is the strong threat.} Qf4+ (69... Qxc4 $2 70. Qe5 Qxa2+ 71. Qe2+ Qxe2+ 72. Kxe2 $18) 70. Ke1 Qe3+ (70... Qxc4 $2 71. Qe5 $18) 71. Kd1 Qd3+ 72. Kc1 Qxc4+ 73. Kb2 Qb4+ 74. Kc1 Qa3+ (74... c4 $5 75. Qg7+ $8 Kf3 $11) 75. Kb1 Qd3+ 76. Kb2 Qd2+ (76... c4 $5 77. Qg7+ $8 Kh4 78. Qf6+ Kh5 79. Qf7+ Kh6 80. Qf8+ Kh5 81. Qf7+ Kh6 82. Qf8+ Kh5 83. Qf7+ $11) 77. Kb1 $2 (77. Kb3 $11) 77... c4 $1 $19 78. Qg7+ Kf3 {[%emt 0:00:08] ( -> ...c3)} 79. Qe5 Qd1+ 80. Kb2 Qd2+ 81. Kb1 $1 {[%emt 0:00:02] [#]} Qd1+ $2 (81... c3 $1 $19 82. Qxf5+ Kg3) 82. Kb2 $11 Qd2+ $2 (82... c3+ $11 83. Qxc3+ Kg4 84. Qg7+ Kf4 85. Qc7+ Kg4 86. Qg7+ Kf4 87. Qc7+ Kg4 88. Qg7+) 83. Kb1 $1 $19 {[%emt 0:00:07] [#]} Qd3+ $2 (83... c3 $1 $19 84. Qxf5+ Kg3) 84. Kb2 $11 {[%emt 0:00:02] Black must now prevent Qc3.} Qd2+ {[%emt 0:00:25] Weighted Error Value: White=0.10 (very precise) /Black=0.15 (very precise)} 1/2-1/2

[Event "26th Womens ECCC 2022"]
[Site "Mayrhofen"]
[Date "2022.10.09"]
[Round "7.20"]
[White "Zarkovic, Mila"]
[Black "Balajayeva, Khanim"]
[Result "0-1"]
[ECO "C77"]
[WhiteElo "2219"]
[BlackElo "2384"]
[Annotator "TA"]
[PlyCount "102"]
[EventDate "2022.10.03"]
[EventType "team-tourn"]
[EventCountry "AUT"]
[SourceTitle "playchess.com"]
[Source "ChessBase"]
[SourceQuality "1"]
[TimeControl "40/5400+30:1800+30"]

1. e4 e5 2. Nf3 Nc6 3. Bb5 a6 4. Ba4 Nf6 5. O-O Be7 6. Re1 b5 7. Bb3 d6 8. a4 Bd7 9. c3 O-O 10. d3 Na5 11. Bc2 c5 12. Nbd2 Qc7 13. Nf1 {[%emt 0:00:29] C90: Closed Ruy Lopez with 7...d6: Early deviations.} Rfc8 14. Ne3 {[%emt 0:03:55] [#]} g6 $146 ({Predecessor:} 14... Bf8 15. h3 Nc6 16. Nh2 Be6 17. Nhg4 Nxg4 18. hxg4 Rab8 19. g5 Nd4 20. Nd5 Bxd5 21. exd5 Nxc2 22. Qxc2 {½-½ (53) Efimenko,Z (2651)-Saduakassova,D (2361) Abu Dhabi 2013}) 15. h3 {[%emt 0:07:32] White is slightly better.} b4 16. cxb4 $1 cxb4 17. d4 Bf8 18. Bd3 (18. b3 $14) 18... exd4 $11 19. Nxd4 Bg7 20. Bd2 Qb6 21. Nb3 Be6 22. Nxa5 Qxa5 23. Qe2 Re8 (23... Nh5 $11) 24. Nc2 $1 $14 Rab8 25. Be3 (25. Bxa6 $14 Bb3 26. Nd4) 25... Bd7 $11 26. Bd4 ({Reject} 26. Bxa6 Nxe4 27. Bb5 Bxb5 28. axb5 Qxb5 $17) 26... Qg5 ({Black should try} 26... b3 $15 27. Bc3 Qg5) 27. Qe3 Qxe3 (27... Qh4 {is interesting.} 28. Bxa6 b3 29. Na3 Rb4) 28. Nxe3 Nxe4 29. Bxg7 Kxg7 30. Bxa6 Nc5 31. Bc4 Bxa4 32. Nd5 Rxe1+ 33. Rxe1 Rb7 34. Re3 {[%emt 0:01:42] Black converts the advantage convincingly.} Bd7 35. Re7 (35. Re1 $142) 35... Be6 $17 36. Rxb7 Nxb7 37. Ne3 (37. b3 $17) 37... Bxc4 $19 38. Nxc4 {[%emt 0:00:02][%mdl 4096] Endgame [#] KN-KN} Kf6 $1 39. Kf1 Ke6 40. Ke2 Kd5 41. Ne3+ (41. Nd2 {was the only defense.}) 41... Kd4 42. Kd2 Nc5 43. Nd1 (43. Nc2+ {was necessary.} Kc4 44. Ne1) 43... f5 {[%emt 0:02:20][%cal Bf7f5,Bf5f4,Bf4f3][%mdl 32] Black is clearly winning.} 44. h4 d5 45. Kc2 (45. Ke2 $142 f4 46. g3) 45... Nd3 46. Kd2 (46. g3 $142 f4 47. gxf4) 46... f4 47. Ke2 Ne5 48. Kd2 f3 49. g3 b3 {[%emt 0:00:00] [#] ...Nc4+ is the strong threat.} 50. Nc3 Nc4+ 51. Kc1 Kd3 {[%emt 0:00:00] Weighted Error Value: White=0.71/Black=0.14 (very precise)} 0-1

[Event "26th Womens ECCC 2022"]
[Site "Mayrhofen"]
[Date "2022.10.09"]
[Round "7.21"]
[White "Katkov, Michelle"]
[Black "Enkhtuul, Altan-Ulzii"]
[Result "1/2-1/2"]
[ECO "C09"]
[WhiteElo "2219"]
[BlackElo "2295"]
[Annotator "TA"]
[PlyCount "96"]
[EventDate "2022.10.03"]
[EventType "team-tourn"]
[EventCountry "AUT"]
[SourceTitle "playchess.com"]
[Source "ChessBase"]
[SourceQuality "1"]
[TimeControl "40/5400+30:1800+30"]

1. e4 e6 2. d4 d5 3. Nd2 c5 4. exd5 exd5 5. Ngf3 Nc6 6. Bb5 cxd4 7. O-O Bd6 8. Nb3 Nge7 9. Nbxd4 O-O 10. h3 Nxd4 {[%emt 0:00:08] C09: French Tarrasch: 3...c5 4 exd5 exd5 5 Ngf3 Nc6.} 11. Nxd4 Bc7 12. Bd3 Qd6 {[%emt 0:01:48][%csl Gc7][%cal Rd6h2] [#]} 13. g3 {[%emt 0:04:10] Active counter play!} Bb6 {[%emt 0:01:23] [#]} (13... Bxh3 $2 14. Qh5 g6 15. Qxh3 $18) 14. c3 $146 ({Predecessor:} 14. Be3 Bxd4 15. Bxd4 Nc6 16. c3 Nxd4 17. cxd4 Qf6 18. h4 Bf5 19. Re1 Bxd3 20. Qxd3 {½-½ (29) Sjugirov,S (2629)-Zvjaginsev,V (2659) Taganrog 2011}) 14... Bxd4 15. cxd4 Bf5 16. Bg5 {[%emt 0:04:18] [#] And now Bxe7 would win.} f6 17. Bf4 {[%emt 0:01:04] A strong pair of Bishops.} Qd7 18. Bxf5 Qxf5 19. Bd6 Rf7 20. g4 Qd7 21. Bxe7 Rxe7 22. Qd2 (22. Qd3 $11 {should be considered.}) 22... h5 $15 23. f3 Rae8 {[%emt 0:02:21] Strongly threatening ...Re2.} 24. Rae1 {[%emt 0:00:56] Prevents Re2.} hxg4 25. hxg4 {[%emt 0:01:31] The position is equal.} (25. Rxe7 {looks sharper.} Qxe7 26. hxg4 Qe2 27. Qc3) 25... f5 26. Rxe7 Rxe7 $11 {[%emt 0:01:10][%cal Be8e7,Be7f7,Bf7f4,Bf4g4][%mdl 4128] Endgame KQR-KQR} 27. Qf4 Rf7 (27... fxg4 {with more complications.} 28. fxg4 Re4 29. Qb8+ Qe8) 28. Re1 fxg4 29. Qxg4 Qxg4+ 30. fxg4 {[%emt 0:00:04] KR-KR} Rf4 31. Re7 Rxg4+ 32. Kf2 Rxd4 {[%emt 0:01:53] Threatens to win with ...Rd2+.} 33. Rxb7 Ra4 34. a3 Kh7 35. Ke3 Kh6 36. Rd7 Ra5 37. Kf4 g5+ 38. Kg4 Ra4+ 39. b4 Rxa3 40. Rd6+ Kg7 41. Kxg5 Kf7 42. Rxd5 Ke6 43. Ra5 Rg3+ 44. Kf4 Rg7 45. Ke4 {[%emt 0:00:00] White wants to mate with Ra6+.} Rb7 46. Ra6+ Kd7 47. Kd5 Rxb4 48. Rxa7+ Kc8 {[%emt 0:00:07] Weighted Error Value: White=0.03 (flawless) /Black=0.03 (flawless)} 1/2-1/2

[Event "26th Womens ECCC 2022"]
[Site "Mayrhofen"]
[Date "2022.10.09"]
[Round "7.22"]
[White "Klek, Hanna Marie"]
[Black "Federovski, Adi"]
[Result "*"]
[WhiteElo "2301"]
[BlackElo "1967"]
[Annotator "TA"]
[PlyCount "84"]
[EventDate "2022.10.03"]
[EventType "team-tourn"]
[EventCountry "AUT"]
[SourceTitle "playchess.com"]
[Source "ChessBase"]
[SourceQuality "1"]
[TimeControl "40/5400+30:1800+30"]

1. d4 Nf6 2. c4 e6 3. Nc3 Bb4 4. e3 c5 5. Bd3 Nc6 6. Nge2 b6 7. O-O Bxc3 8. bxc3 O-O 9. e4 {[%emt 0:06:05] E41: Nimzo-Indian: Rubinstein: 4...c5 5 Bd3, including Hübner Variation.} Ne8 (9... d6 $11) 10. e5 d6 {[%emt 0:02:33] [#]} 11. Be4 $146 (11. exd6 $14 Qxd6 12. Bf4) ({Predecessor:} 11. Ng3 Ba6 12. Qg4 Qd7 13. Qh3 f5 14. exf6 Nxf6 15. d5 Ne5 16. dxe6 Qc7 17. Nf5 Nxd3 18. Qxd3 {1-0 (26) Portisch,F (2370)-Kozlova,O (2240) Harkany 1997}) 11... Bb7 $11 12. Qd3 $132 {[%emt 0:07:09][%mdl 2048] White puts up resistance} f5 ({Black should play} 12... h6 $11) 13. exf6 (13. Bxc6 $14 {was preferrable.} Bxc6 14. Bf4) 13... Nxf6 14. Bg5 {[%emt 0:01:49][%cal Oe4h7] A strong pair of Bishops.} h6 15. Bh4 Qd7 16. Bf3 e5 (16... Ba6 $11 {keeps the balance.}) 17. Bxc6 {[%emt 0:09:35] White is more active.} (17. Bxf6 $16 Rxf6 18. dxc5) 17... Qxc6 18. d5 $1 Qa4 {[%emt 0:02:37] Threatens to win with ...Ba6.} 19. Bxf6 Rxf6 20. Ng3 $1 Rd8 21. Nh5 (21. f4 $5) 21... Rf7 22. Rae1 (22. f4 $15) 22... b5 (22... Qxa2 $6 23. Ra1 e4 24. Qxe4 $11 (24. Rxa2 exd3 25. Rd1 a5 $17)) (22... Ba6 $17 23. Re4 Rdf8) 23. cxb5 c4 24. Qb1 Bxd5 25. f4 (25. Re3 $11) 25... e4 (25... Qa5 $17 26. Qc2 Qxb5) 26. f5 Rb8 27. f6 Qxb5 28. Qd1 Qc5+ 29. Kh1 e3 (29... g6 $11 {remains equal.}) 30. Nxg7 $16 (30. fxg7 Rb2 31. Rxf7 (31. Nf6+ $2 Rxf6 32. Re2 Rxe2 $19) 31... Bxf7 32. Nf6+ Kxg7 $15) 30... Rb2 31. Re2 Rfb7 (31... Rd2 $16 {was called for.} 32. Rxd2 exd2) 32. Rg1 $2 {[%emt 0:09:42] [#]} ({White has to play} 32. Nf5 $18 {White wants to mate with Rxb2.} h5 33. Ne7+ (33. Nxe3 Rb1 $16) 33... Kf8 34. Nxd5 Rxe2 35. Qxe2 Qxd5 36. Qxe3) 32... Bf7 $1 $17 33. Rxb2 Rxb2 34. Qf3 e2 {[%emt 0:00:34][%cal Oc5g1] ( -> ...Qxg1+!)} 35. Re1 (35. Qa8+ $17 Kh7 36. Qe4+ Kh8 37. Nf5) 35... Qg5 (35... Qe5 $19 {[%cal Ob2b1] and Black stays clearly on top. aiming for ...Rb1!} 36. Qg4 Qxf6 37. Nh5+ Qg6 38. Qxg6+ Bxg6) 36. h3 ({Not} 36. Qa8+ $2 Kh7 37. Qe4+ Qg6 $17) (36. Nf5 $17) 36... Rxa2 $2 (36... Qh4 $19 37. Rxe2 Rxe2 38. Qxe2 Qxf6) 37. Nf5 $2 (37. Qa8+ $11 {and White has nothing to worry.} Kh7 38. Qe4+ Kh8 39. Qa8+ Kh7 40. Qe4+ Kh8 41. Qa8+ Kh7) 37... Qxf6 $19 38. Qg3+ $2 {[%emt 0:02:54] [#]} (38. g4) 38... Kh7 $1 39. Nxd6 (39. Nd4 {is a better defense.}) 39... Qg6 $2 (39... Rd2 $19 {Hoping for ...Rd1.} 40. Kg1 Rxd6 41. Rxe2 Rd3) 40. Qe5 $11 Qg7 41. Qe4+ (41. Nxf7 $11 Qxf7 42. Kg1) 41... Qg6 ({Better is} 41... Bg6 $17 42. Qf3 Qd7 43. Nxc4 Qf7) 42. Qe7 Kg7 {[%emt 0:00:13] Weighted Error Value: White=0.57/Black=0.53} *

[Event "26th Womens ECCC 2022"]
[Site "Mayrhofen"]
[Date "2022.10.09"]
[Round "7.23"]
[White "Reprun, Nadejda"]
[Black "Navrotescu, Andreea"]
[Result "0-1"]
[ECO "B69"]
[WhiteElo "1968"]
[BlackElo "2287"]
[Annotator "TA"]
[PlyCount "98"]
[EventDate "2022.10.03"]
[EventType "team-tourn"]
[EventCountry "AUT"]
[SourceTitle "playchess.com"]
[Source "ChessBase"]
[SourceQuality "1"]
[TimeControl "40/5400+30:1800+30"]

1. e4 {[%emt 0:00:02] McShane,L} c5 2. Nf3 d6 3. d4 cxd4 4. Nxd4 Nf6 5. Nc3 Nc6 6. Bg5 e6 7. Qd2 a6 8. O-O-O Bd7 9. f4 Be7 10. Nf3 b5 11. Bxf6 gxf6 12. f5 Qb6 13. g3 (13. Kb1 $14 {might be stronger.}) 13... O-O-O $1 {[%emt 0:04:26] 13...0-0-0 is better than 13...b4. B69: Sicilian: Richter-Rauzer: 7...a6 8 0-0-0 Bd7 9 f4 Be7 10 Nf3 b5 11 Bxf6.} 14. Bh3 Kb8 {[%emt 0:07:17] [#]} 15. Rhe1 $146 ({Predecessor:} 15. fxe6 fxe6 16. Rhf1 Na5 17. Qf2 Qxf2 18. Rxf2 b4 19. Ne2 d5 20. exd5 Bc5 21. Rff1 {½-½ (59) McShane,L (2688)-Grandelius,N (2691) Eskilstuna 2019 CBM 191 Extra [McShane,L]}) 15... b4 {[%emt 0:02:36] The position is equal.} 16. Ne2 (16. Na4 $5 Qc7 17. Kb1 $14) 16... e5 {[%emt 0:00:45] Prevents Nf4.} 17. Kb1 Bc8 (17... Na5 $11 {deserves consideration.}) 18. Nc1 Bb7 19. Bf1 Na5 {[%emt 0:01:51] Inhibits Bc4.} 20. Qe3 Qxe3 21. Rxe3 d5 22. exd5 Bxd5 23. Rxd5 Rxd5 $19 24. Bxa6 Rd1 25. b3 (25. Re4 $142) 25... Bc5 26. Re4 Nc6 27. Re1 (27. Be2 {was necessary.} Rh1 28. Kb2) 27... Rhd8 {[%emt 0:01:06] ...Rxe1 is the strong threat.} 28. Bd3 Rxe1 29. Nxe1 e4 {[%emt 0:00:25] Prevents Nf3.} (29... Be3 $19 {[%cal Oe5e4] aiming for ...e4!} 30. Ng2 Bh6) 30. Bxe4 $17 Re8 {[%emt 0:01:42] Black is more active.} 31. Ned3 Rxe4 32. Nxc5 $15 {[%emt 0:00:05][%mdl 4096] Endgame KRN-KNN} Re1 33. Nd7+ Kb7 34. Nxf6 Nd4 {[%emt 0:01:03] [#] Strongly threatening ...Ne2.} (34... Rh1 $5 ) 35. Kb2 Rh1 36. Nd3 Rxh2 37. Nxb4 Nxf5 38. a4 $2 (38. g4 $1 $11 {and White stays safe.}) 38... Nxg3 $19 39. a5 Nf5 40. a6+ Ka7 41. Ka3 $2 (41. Ng4 Rh3 42. Ne5) 41... Nd6 {[%emt 0:32:33] White must now prevent ...h5.} 42. Nfd5 f5 {[%emt 0:08:45][%cal Bf7f5,Bf5f4,Bf4f3,Bf3f2][%mdl 32] And now ...h5 would win.} 43. c4 Rh6 44. Nc7 {[%emt 0:05:47] [#]} (44. Ne7 $17) 44... Nc8 $1 45. Ka4 f4 46. c5 $2 (46. Nb5+ Kb6 47. Nd5+ Kxa6 48. Nxf4) 46... f3 {[%emt 0:00:00] Threatens to win with ...f2. Black is clearly winning.} 47. Ncd5 f2 48. Ne3 Re6 49. Nf1 Re1 {[%emt 0:00:00] Weighted Error Value: White=0.91/Black=0.24 (precise)} 0-1

[Event "26th Womens ECCC 2022"]
[Site "Mayrhofen"]
[Date "2022.10.09"]
[Round "7.24"]
[White "Schebacher, Solene"]
[Black "Vardi, Shlomit"]
[Result "1/2-1/2"]
[ECO "B06"]
[WhiteElo "1866"]
[BlackElo "1769"]
[Annotator "NA RC COMBH"]
[PlyCount "108"]
[EventDate "2022.10.03"]
[EventType "team-tourn"]
[EventCountry "AUT"]
[SourceTitle "playchess.com"]
[Source "ChessBase"]
[SourceQuality "1"]
[TimeControl "40/5400+30:1800+30"]

1. e4 d6 2. d4 g6 3. Nc3 Bg7 4. Bg5 a6 5. Qd2 b5 6. a4 b4 7. Nd5 a5 8. c3 c6 9. Ne3 h6 10. Bh4 bxc3 11. bxc3 Nf6 12. Bd3 O-O 13. f4 Ba6 14. Ne2 c5 15. dxc5 dxc5 16. Bxa6 Qxd2+ 17. Kxd2 Nxa6 18. e5 Rfd8+ 19. Ke1 Ne4 20. Bxe7 Rd7 21. Bh4 Rd3 22. Nd1 g5 23. Bg3 gxf4 24. Bxf4 Nc7 25. Nf2 Nxf2 26. Kxf2 Nd5 27. Rhc1 Rb8 28. Rc2 Rb3 29. Bd2 Bxe5 30. Nc1 c4 31. Nxd3 cxd3 32. Rca2 Nxc3 33. Bxc3 Bxc3 34. Ra3 Rb2+ 35. Ke3 Bb4 36. Rxd3 Rxg2 37. h3 Kg7 38. Kf3 Rg5 39. Kf4 Kf6 40. Rc1 Rf5+ 41. Ke4 Re5+ 42. Kd4 Rh5 43. Rf3+ Ke6 44. Rc6+ Bd6 45. Kc4 Kd7 46. Ra6 Rc5+ 47. Kd4 f5 48. Ra7+ Kc6 49. Rf7 Be5+ 50. Kd3 f4 51. Rh7 Kd5 52. Rxh6 Rc3+ 53. Ke2 Rc2+ 54. Kd3 Rc3+ 1/2-1/2

[Event "26th Womens ECCC 2022"]
[Site "Mayrhofen"]
[Date "2022.10.09"]
[Round "7.25"]
[White "Peglau, Charis"]
[Black "Krasteva, Beloslava"]
[Result "0-1"]
[ECO "A04"]
[WhiteElo "1960"]
[BlackElo "2287"]
[Annotator "TA"]
[PlyCount "158"]
[EventDate "2022.10.03"]
[EventType "team-tourn"]
[EventCountry "AUT"]
[SourceTitle "playchess.com"]
[Source "ChessBase"]
[SourceQuality "1"]
[TimeControl "40/5400+30:1800+30"]

1. Nf3 c5 2. c4 Nc6 3. e3 e5 4. Nc3 d6 5. Be2 f5 6. d3 {[%emt 0:01:18] [#] A35: Symmetrical English: 2 Nc3 Nc6 3 Nf3.} g6 $146 ({Predecessor:} 6... Nf6 7. a3 b6 8. Qa4 Bd7 9. Qc2 g6 10. Rb1 Bg7 11. b4 O-O 12. b5 Ne7 13. Bb2 Qc7 {0-1 (13) De Oliveira,J (1487)-Carneiro,B (1580) Sao Paulo 2019}) 7. O-O Bg7 8. Ne1 {[%emt 0:02:04] The position is equal.} Nge7 9. a3 O-O 10. Rb1 Be6 11. b4 cxb4 12. axb4 d5 13. b5 Na5 14. cxd5 Nxd5 15. Nxd5 Bxd5 16. Bd2 b6 17. Bxa5 bxa5 18. Qa4 Re8 19. Ra1 a6 20. bxa6 Rxa6 21. e4 Bf7 22. Nc2 {[%emt 0:04:14] Against Qd4} Ra8 23. Ne3 Qg5 (23... f4 $11 24. Nd5 (24. Nc4 Bf8 $11) 24... Bxd5 25. exd5 e4 26. dxe4 Bxa1 27. Rxa1 Qd6) 24. Rfb1 $14 Red8 25. Rb7 Qf6 26. Qb5 (26. Rc1 $14) 26... Be8 (26... f4 $5 27. Nc4 Qa6 $11) 27. Qc4+ Kh8 28. Rc1 Rab8 29. Rxb8 Rxb8 30. Qc5 a4 31. Nd5 Qf8 {[%emt 0:01:52] Hoping for ...Qxc5.} 32. Qa7 Bb5 33. f3 {[%emt 0:06:58] [#] White is on the road to losing.} (33. Nc7 $11 Qc8 34. Bf1) 33... a3 $1 $17 34. Nc7 {[%emt 0:00:29] [#]} (34. h3 $17 {is a better defense.}) 34... Bd7 $1 $19 35. Na6 (35. Kf1 {might work better.}) 35... Rc8 36. Rd1 (36. Rxc8 {was necessary.} Bxc8 37. Nc7) 36... Qd6 {[%emt 0:00:51] Strongly threatening ...Be6.} 37. Qb7 $2 (37. Nb4) 37... a2 38. Qd5 Qxd5 39. exd5 Ra8 40. d4 exd4 41. Bd3 {[%emt 0:30:19] [#]} Rxa6 $1 42. Bxa6 {[%emt 0:00:00][%mdl 4096] Endgame Black must now prevent Ra1. KRB-KB} d3 {[%emt 0:00:03][%mdl 64] Promotion} 43. Bxd3 a1=Q 44. Rxa1 Bxa1 45. Kf2 Kg7 46. f4 Kf6 47. h3 Ke7 48. Bc4 Kd6 49. Kg3 Ba4 50. Kf2 Bd4+ 51. Kf3 Bd1+ 52. Kg3 Bc2 53. h4 Be4 54. Kh3 Bxd5 55. Bd3 Be3 56. g3 Bf3 {[%emt 0:02:59] Black mates.} 57. Bc4 Kc5 58. Bg8 h6 59. Bf7 Bh5 60. Kg2 Kd4 61. Be8 Kc3 62. Bf7 Kd2 63. Be8 Bc5 64. Bf7 Ke3 65. Bd5 Bd6 66. Bf7 {[%emt 0:00:25] [#]} Bxf4 $1 67. gxf4 Kxf4 {[%emt 0:00:06] KB-KB} 68. Kh3 Bg4+ 69. Kg2 Bf3+ 70. Kh2 g5 71. hxg5 hxg5 72. Be6 g4 73. Bd7 Be4 74. Be8 Kf3 75. Kg1 f4 76. Kf1 Kg3 77. Bb5 Bg2+ 78. Ke2 f3+ 79. Ke1 f2+ {[%emt 0:00:05] Weighted Error Value: White=0.50/Black=0.29 (precise)} 0-1